 Dungeon Crawl Stone Soup version 0.29-a0-555-g3b24f45cc1 (webtiles) character file.

Game seed: 3068809584610118778

19 vulpzor the Shield-Bearer (level 2, 0/24 HPs)
             Began as a Formicid Fighter on June 8, 2022.
             Slain by an orc
             ... wielding a +0 club
              (4 damage)
             ... on level 2 of the Dungeon.
             The game lasted 00:04:13 (486 turns).

vulpzor the Shield-Bearer (Formicid Fighter)         Turns: 486, Time: 00:04:14

Health: 0/24       AC: 11    Str: 20    XL:     2   Next: 95%
Magic:  2/2        EV:  5    Int:  7    God:
Gold:   52         SH:  4    Dex: 10    Spells: 1/1 levels left

rFire   . . .      SeeInvis +   a - +1 trident
rCold   . . .      Faith    .   c - +0 buckler
rNeg    . . .      Spirit   .   f - +0 plate armour
rPois   .          Reflect  .   (helmet unavailable)
rElec   .          Harm     .   (no cloak)
rCorr   .          Rampage  .   (no gloves)
Will    .....                   (no boots)
Stlth   ..........              (no amulet)
HPRegen 0.08/turn               (no ring)
MPRegen 0.08/turn               (no ring)

@: no status effects
A: permanent stasis, dig shafts and tunnels, antennae 3, four strong arms
a: Dig, Shaft Self


You were on level 2 of the Dungeon.
You visited 1 branch of the dungeon, and saw 2 of its levels.

You collected 52 gold pieces.

Inventory:

Hand Weapons
 a - a +1 trident (weapon)
 i - a +1 dagger of speed
Missiles
 g - 3 poisoned darts
Armour
 b - a +0 scale mail
 c - a +0 buckler (worn)
 e - a +0 chain mail
 f - a +0 plate armour (worn)
Scrolls
 h - a scroll of identify {unknown}
Potions
 d - 2 potions of might
 j - a potion of attraction {unknown}


   Skills:
 + Level 3.5 Fighting
 + Level 2.2 Polearms
 + Level 3.6 Armour
 + Level 4.3 Shields


You had one spell level left.
You didn't know any spells.
Your spell library was empty.

Dungeon Overview and Level Annotations

Branches:
Dungeon (2/15)

Altars:


Innate Abilities, Weirdness & Mutations

You cannot be hasted, slowed, berserked, paralysed or teleported.
You can dig through walls and to a lower floor.
You have a pair of large antennae on your head. (SInv)
Your four strong arms can wield two-handed weapons with a shield.


Message History

You kill the endoplasm!
The bat hits you but does no damage. The bat barely misses you.
You closely miss the bat. The bat hits you but does no damage.
You puncture the bat!
You kill the bat!
Found 12 gold pieces.
Found a stone staircase leading down.
Found a sedimented golden potion.
You now have 52 gold pieces (gained 12).
j - a sedimented golden potion
There is a stone staircase leading down here.
You climb downwards.
The orc shouts! x3; You hear a shout!
Found 2 golden potions.
Found an escape hatch in the ceiling.
Found a stone staircase leading up.
There is a stone staircase leading up here.
You hit the orc.
The orc is heavily wounded.
You closely miss the orc. The orc hits you with a +0 club.
The orc closely misses you. The orc hits you but does no damage.
You barely miss the orc. The orc hits you but does no damage.
The orc hits you with a +0 club.
The orc hits you with a +3 short sword of protection.
You barely miss the orc. The orc hits you but does no damage. x2
The orc barely misses you. x2; You block the orc's attack.
The orc barely misses you. The orc hits you with a +0 club.
The orc hits you with a +3 short sword of protection.
You hit the orc.
The orc is heavily wounded.
The orc barely misses you. The orc hits you but does no damage.
The orc hits you with a +3 short sword of protection.
* * * LOW HITPOINT WARNING * * *
The orc hits you but does no damage.
You barely miss the orc.
The orc is heavily wounded.
The orc barely misses you. The orc hits you with a +0 club.
* * * LOW HITPOINT WARNING * * *
The orc hits you with a +0 club.
You die...

#<..## .....
.... ...# ...#
# ...#
#####<##o..#.#
......o@o....#
####..##o.####
.!..{ ..# ####
..# ..# { ..#
... ..#


You could see 4 orcs.

Vanquished Creatures
  2 endoplasms (D:1)
  5 goblins (D:1)
  4 hobgoblins (D:1)
  3 bats (D:1)
  A frilled lizard (D:1)
  2 kobolds (D:1)
  A rat (D:1)
18 creatures vanquished.

Notes
Turn   | Place    | Note
-------+----------+-------------------------------------------
     0 | D:1      | vulpzor the Formicid Fighter began the quest for the Orb.
     0 | D:1      | Reached XP level 1. HP: 18/18 MP: 1/1
     2 | D:1      | Noticed a demigod
     2 | D:1      | Noticed a formicid
     4 | D:1      | Noticed a gargoyle
     4 | D:1      | Noticed a tengu
     8 | D:1      | Noticed a dwarf
     8 | D:1      | Noticed a ghoul
    10 | D:1      | Noticed a minotaur
    12 | D:1      | Noticed an octopode
    12 | D:1      | Noticed an ogre
    14 | D:1      | Noticed a human
    14 | D:1      | Noticed an elf
    16 | D:1      | Noticed a vampire
    16 | D:1      | Noticed a draconian
    18 | D:1      | Noticed a demonspawn
    18 | D:1      | Noticed a merfolk
    20 | D:1      | Noticed a spriggan
    20 | D:1      | Noticed a troll
    24 | D:1      | Noticed a naga
    28 | D:1      | Noticed a felid
    30 | D:1      | Noticed a vine stalker
   158 | D:1      | Reached XP level 2. HP: 24/24 MP: 2/2
   486 | D:2      | Slain by an orc

Illustrated notes

Levels and vault maps discovered:
D:1:      kb_arrival_jail, layout_rooms, minmay_misc_feat_tiny,
          minmay_misc_feat_square, minmay_misc_feat_rows
D:2:      layout_loops_ring

Action                   || total
-------------------------++-------
Melee: Trident           ||    32
  Use: Scroll            ||     3
Armor: Chain mail        ||     2
       Scale mail        ||     1
       Plate armour      ||    15
Dodge: Dodged            ||    10
Block: Buckler           ||     4

Table legend: (Time is in decaauts)
 A = Elapsed time spent in this place.
 B = Non-inter-level travel time spent in this place.
 C = Inter-level travel time spent in this place.
 D = Time resting spent in this place.
 E = Time spent auto-exploring this place.
 F = Levels seen in this place.
 G = Mean time per level.
                   A        B        C        D        E       F      G
               +--------+--------+--------+--------+--------+-----+--------+
         Total |    493 |    493 |      0 |      0 |     51 |   2 |  246.5 |
       Dungeon |    493 |    493 |      0 |      0 |     51 |   2 |  246.5 |
               +--------+--------+--------+--------+--------+-----+--------+

Top non-repeatable levels by time:
     D:1: 486 daAuts
     D:2: 6 daAuts
